 Dungeon Crawl Stone Soup version 0.25-a0-10-g2fe12d4386 (webtiles) character file.

Game seed: 2851674803671578159, levelgen mode: deterministic

390 Kohma the Covert (level 6, -4/28 HPs)
             Began as a Spriggan Enchanter on Oct 15, 2019.
             Killed by divine providence
             ... invoked by an orc priest
              (13 damage)
             ... on level 3 of the Dungeon.
             The game lasted 00:09:05 (3226 turns).

Kohma the Covert (Spriggan Enchanter)               Turns: 3226, Time: 00:09:05

Health: -4/28      AC:  2    Str:  4    XL:     6   Next: 50%
Magic:  5/11       EV: 18    Int: 18    God:
Gold:   153        SH:  0    Dex: 17    Spells: 5/11 levels left

rFire    . . .     SeeInvis +   a - +1 dagger
rCold    . . .     Gourm    .   (shield restricted)
rNeg     . . .     Faith    .   b - +0 robe
rPois    .         Spirit   .   (helmet restricted)
rElec    .         Reflect  .   (no cloak)
rCorr    .         Harm     .   (gloves unavailable)
MR       +....                  (boots unavailable)
Stlth    ++++......             (no amulet)
HPRegen  0.09/turn              (no ring)
MPRegen  0.12/turn              (no ring)

@: very quick
A: very small, unfitting armour, see invisible, herbivore, speed 3, slow
metabolism 2
a: no special abilities


You were on level 3 of the Dungeon.
You were hungry.

You visited 1 branch of the dungeon, and saw 3 of its levels.

You collected 153 gold pieces.

Inventory:

Hand Weapons
 a - a +1 dagger (weapon)
Missiles
 g - 90 stones
 t - 23 poisoned darts (quivered)
Armour
 b - a +0 robe (worn)
Jewellery
 i - a +4 ring of slaying {unknown}
 k - an uncursed amulet of guardian spirit {unknown}
 n - an uncursed ring of fire {unknown}
 v - a +4 ring of strength {unknown}
 w - an uncursed ring of magical power {unknown}
Scrolls
 c - 2 scrolls of immolation {unknown}
 e - a scroll of blinking {unknown}
 f - 7 scrolls of identify {unknown}
 h - a scroll of noise {unknown}
 j - a scroll of enchant armour {unknown}
 q - a scroll of remove curse {unknown}
 s - a scroll of amnesia {unknown}
 u - a scroll of fear {unknown}
 x - a scroll of enchant weapon {unknown}
Potions
 l - 2 potions of haste {unknown}
 m - 3 potions of brilliance {unknown}
 o - 2 potions of resistance {unknown}
 p - a potion of might {unknown}
 r - a potion of curing {unknown}
 z - a potion of flight {unknown}
 A - a potion of invisibility {unknown}
Comestibles
 d - 2 rations


   Skills:
 - Level 5.0 Short Blades
 - Level 3.0 Dodging
 - Level 8.3 Stealth
 + Level 3.2 Spellcasting
 + Level 4.0 Hexes


You had 5 spell levels left.
You knew the following spells:

 Your Spells              Type           Power        Failure   Level  Hunger
a - Corona                Hex            ###....      3%          1    None
b - Ensorcelled Hibernat  Hex/Ice        ##....       11%         2    ##.....
c - Confuse               Hex            ###.....     9%          3    ###....

Your spell library contained the following spells:

 Spells                   Type           Power        Failure   Level  Hunger
 Tukima's Dance           Hex            ###.....     9%          3    ###....
 Dazzling Spray           Conj/Hex       ##....       21%         3    ###....


Dungeon Overview and Level Annotations

Branches:
Dungeon (3/15)

Altars:


Innate Abilities, Weirdness & Mutations

You are very small and have problems with some larger weapons.
You are too small for most types of armour.
You have supernaturally acute eyesight. (SInv)
You are a herbivore.
You cover ground extremely quickly.
You need to consume almost no food.


Message History

Casting: Ensorcelled Hibernation (safe; 11% risk of failure)
Confirm with . or Enter, or press ? or * to list all spells.
Aiming: Ensorcelled Hibernation (safe; 11% risk of failure)
Press: ? - help, Shift-Dir - straight line, f/p - orc priest
Aim: an orc priest, wielding a +0 mace (chance to defeat MR: 41%)
The orc priest resists with some effort.
The orc priest hits you with a +0 mace! The orc barely misses you.
Casting: Ensorcelled Hibernation (safe; 11% risk of failure)
Confirm with . or Enter, or press ? or * to list all spells.
Aiming: Ensorcelled Hibernation (safe; 11% risk of failure)
Press: ? - help, Shift-Dir - straight line, f/p - orc priest
Aim: an orc priest, wielding a +0 mace (chance to defeat MR: 41%)
The orc priest resists with some effort.
The orc hits you with a +0 falchion. The orc closely misses you.
The orc priest looks encouraged for a moment.
The orc hits you with a +0 club.
You see here a +0 hand axe.
The orc priest calls down the wrath of Beogh upon you.
Beogh smites you!
You die...

##.#####.##.#...(.....#
# ...#
#..#.#..#......#.# ####
#.................
#..#.#.........#.# ##
##.#.............. .#
#...#.......>.... .#
##..#.###.#.###..# .##
####..#.###.#.###..##
..#
#.........@..........
..#
##.#.#...###)#.#.##.#
... .........# #.#.#.#
...
###.#.#..####o#o#.##.##
...
.....#......oo.o......
#..
###.........o.o...##.##
# #..##....#....### #.
#. ###..#....# .. ..
...........


You could see an orc priest and 3 orcs.

Vanquished Creatures
  Sigmund (D:3)
  An ogre (D:3)
  An orc priest (D:3)
  Jessica (D:3)
  5 adders
  A worm (D:2)
  2 dart slugs
  4 leopard geckos
  An orc (D:3)
  3 giant cockroaches
  7 hobgoblins
  4 jackals (D:2)
  2 quokkas (D:2)
  4 bats
  3 frilled lizards
  7 goblins
  6 kobolds
  6 rats
59 creatures vanquished.

Notes
Turn   | Place    | Note
-------+----------+-------------------------------------------
     0 | D:1      | Kohma the Spriggan Enchanter began the quest for the Orb.
     0 | D:1      | Reached XP level 1. HP: 9/9 MP: 5/5
   236 | D:1      | Reached XP level 2. HP: 12/13 MP: 6/6
   240 | D:1      | Learned a level 2 spell: Ensorcelled Hibernation
   259 | D:1      | Reached skill level 5 in Stealth
  1265 | D:2      | Reached XP level 3. HP: 16/16 MP: 2/8
  1572 | D:2      | Reached skill level 6 in Stealth
  2044 | D:2      | Reached XP level 4. HP: 11/21 MP: 0/9
  2581 | D:3      | Noticed an ogre
  2706 | D:3      | Killed an ogre
  2706 | D:3      | Reached skill level 7 in Stealth
  2706 | D:3      | Reached XP level 5. HP: 24/24 MP: 7/10
  2718 | D:3      | Learned a level 3 spell: Confuse
  2853 | D:3      | Noticed Sigmund
  2860 | D:3      | Killed Sigmund
  2860 | D:3      | Reached skill level 8 in Stealth
  2860 | D:3      | Reached XP level 6. HP: 28/28 MP: 11/11
  2921 | D:3      | Reached skill level 5 in Short Blades
  2937 | D:3      | Noticed Jessica
  2941 | D:3      | Killed Jessica
  3226 | D:3      | Killed from afar by an orc priest

Levels and vault maps discovered:
D:1:      evilmike_arrival_crescent, layout_loops_ring
D:2:      layout_loops_ring
D:3:      layout_basic, uniq_sigmund, uniq_jessica

Skill      XL: |  1  2  3  4  5  6 |
---------------+-------------------+-----
Stealth        | 5 6 7 8 |  8.3
Short Blades   | 2 3 4 5 |  5.0
Spellcasting   | 3 |  3.2
Hexes          | 4 |  4.0
Dodging        | |  3.0

Action                   |  1- 3 |  4- 6 || total
-------------------------+-------+-------++-------
Melee: Dagger            |   115 |    42 ||   157
 Cast: Corona            |     2 |       ||     2
       Ensorcelled Hiber |    24 |    19 ||    43
 Stab: Sleeping          |    28 |    13 ||    41
       Distracted        |     1 |       ||     1
  Eat: Ration            |       |     1 ||     1
Armor: Robe              |    13 |     1 ||    14
Dodge: Dodged            |    87 |    29 ||   116

Table legend:
 A = Non-vault XP
 B = Vault XP
 C = Vault XP percentage of total XP
 D = Non-vault monster count
 E = Vault monster count
 F = Vault count percentage of total count
                 A         B        C        D         E       F
            +---------+---------+-------+---------+---------+-------
      Total |     316 |     242 |  43.4 |      57 |       2 |   3.4
            +---------+---------+-------+---------+---------+-------
        D:1 |      28 |       0 |   0.0 |      17 |       0 |   0.0
        D:2 |      71 |       0 |   0.0 |      24 |       0 |   0.0
        D:3 |     217 |     242 |  52.7 |      16 |       2 |  11.1
            +---------+---------+-------+---------+---------+-------
